 Dungeon Crawl Stone Soup version 0.24.0-37-gcf1ca852f1 (webtiles) character file.

Game seed: 4389078042880155521, levelgen mode: deterministic

535 Amplified the Poker (level 7, -2/55 HPs)
             Began as a Merfolk Transmuter on Nov 21, 2019.
             Slain by a killer bee (8 damage)
             ... on level 5 of the Dungeon.
             The game lasted 00:06:22 (3806 turns).

Amplified the Poker (Merfolk Transmuter)            Turns: 3806, Time: 00:06:23

Health: -2/55      AC:  2    Str:  9 (11) XL:     7   Next: 25%
Magic:  5/10       EV: 20    Int: 12 (14) God:
Gold:   166        SH:  0    Dex: 18 (19) Spells: 4/10 levels left

rFire    . . .     SeeInvis +     - Unarmed
rCold    . . .     Gourm    .   (shield currently unavailable)
rNeg     . . .     Faith    .   (armour currently unavailable)
rPois    x         Spirit   .   (helmet currently unavailable)
rElec    .         Reflect  .   (cloak currently unavailable)
rCorr    .         Harm     .   (gloves currently unavailable)
MR       .....     Clarity  +   (boots currently unavailable)
Stlth    ++........             (no amulet)
HPRegen  0.18/turn              (no ring)
MPRegen  0.12/turn              (no ring)

@: lethally poisoned (-2 -> -21), spider-form, starving
A: tiny, (change form in water), (swift swim), (stealthy swim), see invisible,
clarity
a: End Transformation


You were on level 5 of the Dungeon.
You were starving.
You were a venomous arachnid creature.
You visited 1 branch of the dungeon, and saw 5 of its levels.

You collected 166 gold pieces.

Inventory:

Hand Weapons
 f - a +0 spear
 q - a +1 halberd (melded)
Missiles
 a - 11 arrows
 j - 16 poisoned darts (quivered)
Armour
 b - a +0 robe (melded)
 c - a +0 buckler
 e - a +0 helmet (melded)
Wands
 o - a wand of flame (10)
Scrolls
 h - 3 scrolls of amnesia
 i - a scroll of magic mapping
 m - 2 scrolls of remove curse
 n - a scroll of identify
Comestibles
 d - 4 rations
 g - 4 chunks of flesh


   Skills:
 * Level 4.8 Fighting
 * Level 5.7 Polearms
 - Level 2.6 Dodging
 - Level 3.2 Unarmed Combat
 * Level 2.1 Spellcasting
 - Level 4.1 Transmutations
 - Level 3.5 Poison Magic


You had 4 spell levels left.
You knew the following spells:

 Your Spells              Type           Power        Failure   Level  Hunger
a - Beastly Appendage     Tmut           ##....       14%         1    ##.....
b - Sticks to Snakes      Tmut           ##......     21%         2    ###....
c - Spider Form           Tmut/Pois      ##........   36%         3    ####...

Your spell library contained the following spells:

 Spells                   Type           Power        Failure   Level  Hunger
 Ice Form                 Ice/Tmut       #.......     89%         4    #####..
 Blade Hands              Tmut           ##........   92%         5    ######.


Dungeon Overview and Level Annotations

Branches:
Dungeon (5/15)
 Temple: D:4-7

Altars:
Ashenzari
Wu Jian
Xom

Annotations:
D:2 Natasha
D:4 Robin


Innate Abilities, Weirdness & Mutations

((You revert to your normal form in water.))
((You are very nimble and swift while swimming.))
((You are very stealthy in the water. (Stealth+)))
You have supernaturally acute eyesight. (SInv)
You possess an exceptional clarity of mind.


Message History

The killer bee stings you.
* * * LOW HITPOINT WARNING * * *
* * * LOW HITPOINT WARNING * * *
You feel sick. The killer bee stings you.
* * * LOW HITPOINT WARNING * * *
The killer bee stings your ball python.
Unknown command.
You aren't carrying any potions.
Unknown command.
Casting: Sticks to Snakes (safe; 8% risk of failure)
Confirm with . or Enter, or press ? or * to list all spells.
You turn into a venomous arachnid creature.
Your +1 halberd melds into your body.
Your +0 helmet melds into your body.
Your +0 robe melds into your body.
You are starving!
* * * LOW HITPOINT WARNING * * *
You feel sick. The killer bee misses you.
The killer bee closely misses your ball python.
Your ball python misses the killer bee. x2; The killer bee stings you!
You die...

# ### ###. ..# ....##.#
###..##.# ........#
#......# #.####.....##
#......# ......###yS#
#.(....# #..oo.#y#
#......### #...yy#s#
#........ #.....#.#
#......#
####.y$÷.#.###......#
..y......5..........####
y.§y.y.................+
y######.....##..########
#.....###.# ####### #..#
##...


You could see 2 killer bees and a friendly ball python.

Vanquished Creatures
  Prince Ribbit (D:5)
  A scorpion (D:5)
  A killer bee (D:5)
  An orc priest (D:3)
  An iguana (D:3)
  Natasha (D:2)
  A worker ant (D:3)
  5 adders
  4 gnolls (D:3)
  2 dart slugs
  3 leopard geckos
  4 orcs (D:3)
  3 giant cockroaches
  8 goblins
  7 hobgoblins
  6 jackals
  2 kobolds
  A quokka (D:3)
  A ball python (D:3)
  3 bats
  4 frilled lizards
  7 rats
67 creatures vanquished.

Notes
Turn   | Place    | Note
-------+----------+-------------------------------------------
     0 | D:1      | Amplified the Merfolk Transmuter began the quest for the
                  | Orb.
     0 | D:1      | Reached XP level 1. HP: 15/15 MP: 3/3
    90 | D:1      | Reached XP level 2. HP: 22/22 MP: 3/5
    99 | D:1      | Learned a level 2 spell: Sticks to Snakes
   595 | D:1      | Reached skill level 1 in Polearms
   833 | D:2      | Found a shattered altar of Ashenzari.
   912 | D:2      | Reached XP level 3. HP: 9/27 MP: 4/6
  1205 | D:2      | Found a shimmering altar of Xom.
  1380 | D:2      | Gained mutation: You possess an exceptional clarity of
                  | mind. [potion of mutation]
  1380 | D:2      | Gained mutation: You have supernaturally acute eyesight.
                  | (SInv) [potion of mutation]
  1398 | D:2      | Reached skill level 2 in Polearms
  1735 | D:2      | Found an ornate altar of the Wu Jian Council.
  1754 | D:2      | Noticed Natasha
  1761 | D:2      | Killed Natasha
  1761 | D:2      | Reached XP level 4. HP: 24/34 MP: 7/7
  1850 | D:2      | Learned a level 3 spell: Spider Form
  2009 | D:2      | Noticed Natasha
  2314 | D:3      | Reached skill level 3 in Polearms
  2345 | D:3      | Reached skill level 1 in Poison Magic
  2424 | D:3      | Reached XP level 5. HP: 32/41 MP: 6/8
  2762 | D:3      | Reached skill level 4 in Polearms
  2839 | D:3      | Reached XP level 6. HP: 44/48 MP: 9/9
  2980 | D:4      | Identified the cursed +0 helmet "Kiobieh" {rN+++ Str+4
                  | Dex+2 Stlth-}
  2980 | D:4      | Noticed Robin
  3566 | D:5      | Entered Level 5 of the Dungeon
  3766 | D:5      | Noticed Prince Ribbit
  3782 | D:5      | Killed Prince Ribbit
  3782 | D:5      | Reached skill level 5 in Polearms
  3782 | D:5      | Reached XP level 7. HP: 55/55 MP: 10/10
  3806 | D:5      | Slain by a killer bee

Levels and vault maps discovered:
D:1:      dpeg_arrival_round_a, layout_rooms, hangedman_decor_points
D:2:      layout_basic, nicolae_ashenzari_panopticon,
          nicolae_overflow_crystal_walls, xom_butterflies, minmay_pentomino_x2,
          uniq_natasha
D:3:      layout_loops_ring
D:4:      layout_cave_pools, uniq_robin
D:5:      layout_basic, overflow_temple_1_default, minitemple, first_ration,
          uniq_prince_ribbit1

Skill      XL: |  1  2  3  4  5  6 |
---------------+-------------------+-----
Transmutations | 3 4 |  4.1
Fighting       | 2 3 4 |  4.8
Polearms       | 1 2 3 4 5 |  5.7
Poison Magic   | 1 2 3 |  3.5
Dodging        | |  2.6
Unarmed Combat | |  3.2
Spellcasting   | |  2.1

Action                   |  1- 3 |  4- 6 |  7- 9 || total
-------------------------+-------+-------+-------++-------
Melee: Unarmed           |    14 |       |       ||    14
       Headbutt          |    10 |     2 |       ||    12
       Spear             |    86 |    90 |       ||   176
       Punch             |       |     1 |       ||     1
       Halberd           |       |    73 |     5 ||    78
Throw: Dart              |       |     1 |       ||     1
       Throwing net      |       |       |     1 ||     1
 Cast: Beastly Appendage |    13 |     3 |       ||    16
       Spider Form       |       |       |     1 ||     1
       Sticks to Snakes  |       |       |     1 ||     1
Evoke: Wand              |     2 |     7 |     1 ||    10
  Use: Potion            |     5 |     4 |       ||     9
       Scroll            |     4 |     3 |       ||     7
 Stab: Paralysed         |     5 |    22 |     2 ||    29
       Sleeping          |       |     3 |       ||     3
  Eat: Chunk             |     3 |     5 |       ||     8
Armor: Robe              |    11 |    22 |     1 ||    34
       Skin              |     6 |       |       ||     6
Dodge: Dodged            |    55 |    90 |     6 ||   151
